 Dungeon Crawl Stone Soup version 0.28.0-53-g5a82cb258f (webtiles) character file.

Game seed: 17053266146932054461

2471 Kranky the Basher (level 9, -17/66 HPs)
             Began as a Gnoll Wanderer on June 24, 2022.
             Was a Follower of Okawaru.
             Killed from afar by an acid dragon (28 damage)
             ... with a splash of acid
             ... on level 6 of the Dungeon.
             The game lasted 00:19:35 (9334 turns).

Kranky the Basher (Gnoll Wanderer)                  Turns: 9334, Time: 00:19:35

Health: -17/66     AC:  1    Str: 22    XL:     9   Next: 51%
Magic:  15/15      EV: 10    Int: 10    God:    Okawaru [*.....]
Gold:   206        SH:  5    Dex:  7    Spells: 16/16 levels left

rFire   . . .      SeeInvis .   C - +4 trident (pain)
rCold   . . .      Faith    .   (no shield)
rNeg    + . .      Spirit   .   u - +4 scale mail {rN+}
rPois   .          Reflect  +   (no helmet)
rElec   .          Harm     .   n - +0 cloak
rCorr   .          Rampage  .   (no gloves)
Will    .....                   (no boots)
Stlth   +.........              g - amulet of reflection
HPRegen 0.21/turn               (no ring)
MPRegen 0.14/turn               (no ring)

@: corroded
A: fangs 1, strong nose, distributed training
a: Renounce Religion, Heroism


You were on level 6 of the Dungeon.
You worshipped Okawaru.
Okawaru was aware of your devotion.
You visited 2 branches of the dungeon, and saw 7 of its levels.
You also visited: Sewer.

You collected 206 gold pieces.

Inventory:

Hand Weapons
 a - a +2 mace
 o - a +2 mace of protection
 v - a +4 dagger
 C - a +4 trident of pain (weapon)
Armour
 n - a +0 cloak (worn)
 u - a +4 scale mail of positive energy (worn)
Jewellery
 g - an amulet of reflection (around neck)
 E - an amulet of the acrobat
Wands
 c - a wand of polymorph (13) (quivered)
 k - a wand of charming (3)
 m - a wand of flame (9)
Scrolls
 e - 2 scrolls of identify
 h - 2 scrolls of summoning {unknown}
 l - 3 scrolls of noise {unknown}
 p - 2 scrolls of vulnerability {unknown}
 r - a scroll of enchant armour {unknown}
 s - 3 scrolls of teleportation {unknown}
 t - 4 scrolls of fear
 w - 4 scrolls of amnesia {unknown}
 x - a scroll of immolation {unknown}
 y - 4 scrolls of fog {unknown}
 D - a scroll of enchant weapon {unknown}
Potions
 b - a potion of attraction
 d - a potion of mutation
 f - 5 potions of curing
 i - 2 potions of flight
 q - 2 potions of lignification
 z - a potion of degeneration
 A - a potion of might
 B - a potion of brilliance {unknown}


   Skills:
 + Level 4.3 Fighting
 + Level 4.3 Short Blades
 + Level 4.3 Long Blades
 + Level 4.3 Axes
 + Level 9.6 Maces & Flails
 + Level 4.3 Polearms
 + Level 4.3 Staves
 + Level 4.3 Slings
 + Level 4.3 Bows
 + Level 4.3 Crossbows
 + Level 4.3 Throwing
 + Level 6.3 Armour
 + Level 4.3 Dodging
 + Level 4.3 Stealth
 + Level 4.3 Shields
 + Level 6.3 Unarmed Combat
 + Level 4.3 Spellcasting
 + Level 3.5 Conjurations
 + Level 3.5 Hexes
 + Level 3.5 Summonings
 + Level 3.5 Necromancy
 + Level 3.5 Translocations
 + Level 3.5 Transmutations
 + Level 3.5 Fire Magic
 + Level 3.5 Ice Magic
 + Level 3.5 Air Magic
 + Level 3.5 Earth Magic
 + Level 3.5 Poison Magic
 + Level 4.7 Invocations
 + Level 6.3 Evocations


You had 16 spell levels left.
You didn't know any spells.
Your spell library contained the following spells:

 Spells                   Type           Power      Damage    Failure   Level
 Slow                     Hex            36%        N/A       14%         1
 Confusing Touch          Hex            9%         N/A       38%         3
 Vampiric Draining        Necr           9%         2d6       38%         3
 Cause Fear               Hex            4%         N/A       80%         4
 Dragon Form              Tmut           4%         N/A       100%        7
 Dragon's Call            Summ           Unusable   N/A       N/A         9

Dungeon Overview and Level Annotations

Branches:
Dungeon (6/15)             Temple (1/1) D:5           Sewer (visited)

Altars:
Cheibriados
Elyvilon
Fedhas
Gozag
Hepliaklqana
Kikubaaqudgha
Nemelex Xobeh
Okawaru
Vehumet
Wu Jian
Xom
Zin
The Shining One

Shops:
D:4 :


Innate Abilities, Weirdness & Mutations

You have very sharp teeth.
Your uncanny sense of smell can sniff out nearby items.
Your experience applies equally to all skills.


Message History

The acid dragon bites you but does no damage.
You block the acid dragon's attack.
You hit the acid dragon but do no damage.
The acid dragon writhes in agony.
You bite the acid dragon, but do no damage.
The acid dragon is heavily wounded.
You block the acid dragon's attack. The acid dragon claws you.
* * * LOW HITPOINT WARNING * * *
A kobold comes into view. It is wielding a +0 club.
You feel much better. The acid dragon barely misses you.
The acid dragon claws you but does no damage.
You hit the acid dragon.
The acid dragon writhes in agony.
The acid dragon is heavily wounded.
The acid dragon bites you!
The acid dragon claws you but does no damage.
You hit the acid dragon but do no damage.
Your punch misses the acid dragon.
The acid dragon is heavily wounded.
The acid dragon spits acid at you. The splash of acid misses you.
You hit the acid dragon but do no damage.
The acid dragon is heavily wounded.
The acid dragon bites you! The acid dragon barely misses you.
You hit the acid dragon.
The acid dragon writhes in agony.
You punch the acid dragon, but do no damage.
The acid dragon is almost dead.
The acid dragon bites you. You block the acid dragon's attack.
The acid dragon spits acid at you. The splash of acid hits you!!
* * * LOW HITPOINT WARNING * * *
The acid corrodes you!
You feel much better. The acid dragon bites you!
* * * LOW HITPOINT WARNING * * *
The acid dragon claws you.
* * * LOW HITPOINT WARNING * * *
You hit the acid dragon but do no damage.
The acid dragon is almost dead.
The acid dragon spits acid at you. The splash of acid hits you!!
You die...

####......####...#######....#.#
#
...'......'...........>#.##.#.#
#
####......####...##.#.##.##.#.#
# #...#### #......#.##.#..#.###
#...# #....###.#.....#.#..
....... #....###.#..#..#.#.#
........ ####...†............
.......<# #########.##.#.#####.
.....<..###KKD@...#........# #.
.##....†#####.#.#.##.#.# #.
...........##...#..#.#.# #.
####.##.##..# #.#..#.#.# #. #.
#.###D###....#.#.# #. # #.#
#.#......#.#.# #. #.#
#.#.#.####.#.###. #.#
#D#........#.#... .##.#
#.K##.###..#.#.##


You could see an acid dragon (catching breath) and 2 kobolds.

Vanquished Creatures
  A centaur zombie (D:6)
  Grinder (D:5)
  A steam dragon (D:6)
  A black bear (D:5)
  An ice beast (D:6)
  A centaur (D:6)
  A kobold brigand (D:5)
  2 bullfrogs (Sewer)
  3 scorpions
  2 bullfrog zombies (D:6)
  2 jellies (D:5)
  5 hounds
  Crazy Yiuf (D:2)
  2 gnoll shamans
  An orc priest (D:4)
  2 bullfrog skeletons (D:6)
  Ijyb (D:4)
  3 iguanas
  3 orc wizards
  A hound skeleton (D:4)
  A howler monkey zombie (D:6)
  11 gnolls
  A howler monkey skeleton (D:5)
  7 river rats (Sewer)
  13 adders
  2 ufetubi (D:5)
  3 adder skeletons (D:4)
  3 worms
  3 dart slugs
  22 orcs
  18 ball pythons
  6 endoplasms
  6 giant cockroaches
  8 hobgoblins
  3 jackals (D:1)
  A quokka (D:1)
  A bat (D:1)
  6 frilled lizards
  6 goblins
  16 kobolds
  29 rats
201 creatures vanquished.

Vanquished Creatures (collateral kills)
  A gnoll sergeant (D:5)
  2 gnolls (D:5)
3 creatures vanquished.

Vanquished Creatures (others)
  A gnoll (D:5)
  A plant (D:3)
2 creatures vanquished.

Grand Total: 206 creatures vanquished

Notes
Turn   | Place    | Note
-------+----------+-------------------------------------------
     0 | D:1      | Kranky the Gnoll Wanderer began the quest for the Orb.
     0 | D:1      | Kranky set off with the following items: a +2 mace, a
                  | potion of attraction, a wand of polymorph (4), a +0 leather
                  | armour
     0 | D:1      | Reached XP level 1. HP: 13/13 MP: 1/1
   230 | D:1      | Reached XP level 2. HP: 19/19 MP: 2/2
   632 | D:1      | Reached XP level 3. HP: 25/25 MP: 3/3
   828 | D:1      | Found a faded altar of an unknown god.
   850 | D:1      | Reached skill level 1 in Invocations
  1053 | D:2      | Found a runed translucent door.
  1054 | D:2      | Noticed Crazy Yiuf
  1087 | D:2      | Noticed Terence
  1093 | D:2      | Noticed Terence
  1093 | D:2      | Terence changed into Terence the frilled lizard
  1096 | D:2      | Killed Terence the frilled lizard
  1942 | D:2      | Killed Crazy Yiuf
  1943 | D:2      | Reached skill level 1 in Fighting
  1943 | D:2      | Reached skill level 1 in Short Blades
  1943 | D:2      | Reached skill level 1 in Long Blades
  1943 | D:2      | Reached skill level 1 in Axes
  1943 | D:2      | Reached skill level 1 in Polearms
  1943 | D:2      | Reached skill level 1 in Staves
  1943 | D:2      | Reached skill level 1 in Slings
  1943 | D:2      | Reached skill level 1 in Bows
  1943 | D:2      | Reached skill level 1 in Crossbows
  1943 | D:2      | Reached skill level 1 in Throwing
  1943 | D:2      | Reached skill level 1 in Dodging
  1943 | D:2      | Reached skill level 1 in Stealth
  1943 | D:2      | Reached skill level 1 in Shields
  1943 | D:2      | Reached skill level 1 in Spellcasting
  1943 | D:2      | Reached XP level 4. HP: 15/32 MP: 5/5
  2151 | D:3      | Found an ornate altar of the Wu Jian Council.
  2302 | D:3      | Reached skill level 1 in Conjurations
  2302 | D:3      | Reached skill level 1 in Hexes
  2302 | D:3      | Reached skill level 1 in Summonings
  2302 | D:3      | Reached skill level 1 in Necromancy
  2302 | D:3      | Reached skill level 1 in Translocations
  2302 | D:3      | Reached skill level 1 in Transmutations
  2302 | D:3      | Reached skill level 1 in Fire Magic
  2302 | D:3      | Reached skill level 1 in Ice Magic
  2302 | D:3      | Reached skill level 1 in Air Magic
  2302 | D:3      | Reached skill level 1 in Earth Magic
  2302 | D:3      | Reached skill level 1 in Poison Magic
  2403 | D:3      | Found a hazy altar of Hepliaklqana.
  2614 | D:3      | Found a blossoming altar of Fedhas.
  2675 | D:3      | Reached XP level 5. HP: 21/37 MP: 5/7
  3868 | D:4      | Noticed Ijyb
  4156 | D:4      | Killed Ijyb
  4157 | D:4      | Reached XP level 6. HP: 36/44 MP: 8/8
  4584 | D:4      | Reached skill level 5 in Armour
  4584 | D:4      | Reached skill level 5 in Unarmed Combat
  4584 | D:4      | Reached skill level 5 in Evocations
  4668 | D:4      | Found Magovo Bypt's Book Boutique.
  5297 | D:4      | Reached XP level 7. HP: 50/50 MP: 10/10
  5484 | D:5      | Entered Level 5 of the Dungeon
  5637 | D:5      | Found a glowing silver altar of Zin.
  5658 | D:5      | Found a glowing drain.
  5687 | Sewer    | Entered a sewer
  6263 | Sewer    | Reached skill level 9 in Maces & Flails
  6398 | Sewer    | Reached XP level 8. HP: 14/57 MP: 12/12
  7225 | D:5      | Identified the +1 robe of Peek-a-Boo {Contam rPois rCorr
                  | Int+4}
  7429 | D:5      | Noticed Grinder
  7463 | D:5      | Paralysed by Grinder for 5 turns
  7482 | D:5      | Killed Grinder
  7907 | D:5      | Found a staircase to the Ecumenical Temple.
  7925 | Temple   | Entered the Ecumenical Temple
  8055 | Temple   | Became a worshipper of Warmaster Okawaru
  8664 | D:6      | Reached XP level 9. HP: 65/65 MP: 14/14
  8893 | D:6      | Reached * piety under Okawaru
  9334 | D:6      | Killed from afar by an acid dragon

Illustrated notes

Levels and vault maps discovered:
D:1:      doesnt_arrival_eight_statues, layout_rooms,
          ebering_ecumenical_altar_mist
D:2:      layout_basic, minmay_misc_feat_five, minmay_misc_feat_ornament,
          minmay_misc_feat_doors, uniq_crazy_yiuf_cottage, uniq_terence
D:3:      minmay_chambers_of_twos, layout_basic, general_overflow_altar,
          lemuel_round_altar, mainiacjoe_overflow_paths, serial_forest,
          infiniplex_forest_lined_room_2, infiniplex_forest_straight_4,
          infiniplex_forest_clump_tiny, infiniplex_forest_clump_large,
          infiniplex_forest_lined_corner, infiniplex_forest_lined_3,
          infiniplex_forest_side_room, infiniplex_forest_zigzag_1,
          minmay_misc_feat_rows
D:4:      layout_cave_pools, serial_shops, shop, dk_noncrumbling_2, uniq_ijyb
D:5:      layout_basic, zin_statuary, minmay_temple_entry_junction,
          cheibrodos_sewer_entry_drain, lightli_corner_chamber, uniq_grinder
D:6:      layout_basic
Temple:   nicolae_temple_figure_zero

Skill      XL: |  1  2  3  4  5  6  7  8  9 |
---------------+----------------------------+-----
Invocations    | 1 2 3 4 |  4.7
Fighting       | 1 2 3 4 |  4.3
Short Blades   | 1 2 3 4 |  4.3
Long Blades    | 1 2 3 4 |  4.3
Axes           | 1 2 3 4 |  4.3
Polearms       | 1 2 3 4 |  4.3
Staves         | 1 2 3 4 |  4.3
Slings         | 1 2 3 4 |  4.3
Bows           | 1 2 3 4 |  4.3
Crossbows      | 1 2 3 4 |  4.3
Throwing       | 1 2 3 4 |  4.3
Dodging        | 1 2 3 4 |  4.3
Stealth        | 1 2 3 4 |  4.3
Shields        | 1 2 3 4 |  4.3
Spellcasting   | 1 2 3 4 |  4.3
Conjurations   | 1 2 3 |  3.5
Hexes          | 1 2 3 |  3.5
Summonings     | 1 2 3 |  3.5
Necromancy     | 1 2 3 |  3.5
Translocations | 1 2 3 |  3.5
Transmutations | 1 2 3 |  3.5
Fire Magic     | 1 2 3 |  3.5
Ice Magic      | 1 2 3 |  3.5
Air Magic      | 1 2 3 |  3.5
Earth Magic    | 1 2 3 |  3.5
Poison Magic   | 1 2 3 |  3.5
Armour         | 5 6 |  6.3
Unarmed Combat | 5 6 |  6.3
Evocations     | 5 6 |  6.3
Maces & Flails | 9 |  9.6

Action                   |  1- 3 |  4- 6 |  7- 9 || total
-------------------------+-------+-------+-------++-------
Melee: Mace              |    99 |   211 |   266 ||   576
       Bite              |     5 |    15 |    39 ||    59
       Punch             |     2 |     6 |     8 ||    16
       Trident           |       |       |   193 ||   193
Evoke: Wand              |     1 |       |     6 ||     7
  Use: Scroll            |       |       |     8 ||     8
       Potion            |       |       |     4 ||     4
Armor: Leather armour    |    21 |       |       ||    21
       Scale mail        |     7 |    79 |   383 ||   469
Dodge: Dodged            |    49 |    72 |   303 ||   424
Block: Other             |     4 |    43 |   153 ||   200
       Reflection        |     1 |       |     1 ||     2
